 Dungeon Crawl Stone Soup version 0.31-a0-1388-g4b2ba238e7 (webtiles) character file.

Game seed: 9744138732761162570

63 grandjackal the Ducker (level 3, -6/29 HPs)
             Began as a Demonspawn Gladiator on Dec 24, 2023.
             Killed by divine providence
             ... invoked by an orc priest
              (12 damage)
             ... on level 3 of the Dungeon.
             The game lasted 00:02:06 (1700 turns).

grandjackal the Ducker (Demonspawn Gladiator)       Turns: 1700, Time: 00:02:07

Health: -6/29      AC:  7    Str: 16    XL:     3   Next: 87%
Magic:  3/3        EV: 11    Int:  8    God:
Gold:   81         SH:  0    Dex: 14    Spells: 2/2 levels left

rFire   . . .        a - +0 long sword
rCold   . . .        (no shield)
rNeg    . . .        j - +0 ring mail
rPois   .            (helmet restricted)
rElec   .            f - +0 cloak
rCorr   .            (no gloves)
SInv    .            i - +0 pair of boots
Will    .....        (no amulet)
Stlth   +            (no ring)
HPRegen 0.24/turn    (no ring)
MPRegen 0.08/turn

%: no passive effects
@: no status effects
A: antennae 1, hooves 1
a: no special abilities


You were on level 3 of the Dungeon.
You visited 1 branch of the dungeon, and saw 3 of its levels.

You collected 81 gold pieces.

Inventory:

Hand Weapons
 a - a +0 long sword (weapon)
Missiles
 d - 3 throwing nets
 e - 7 javelins
 h - 33 stones (quivered)
Armour
 f - a +0 cloak (worn)
 i - a +0 pair of boots (worn)
 j - a +0 ring mail (worn)
Scrolls
 b - a scroll of identify {unknown}
 g - a scroll of enchant armour {unknown}
 k - a scroll of vulnerability {unknown}
 m - a scroll of teleportation {unknown}
 n - a scroll of acquirement {unknown}
Potions
 c - a potion of berserk rage {unknown}
 l - a potion of curing {unknown}
 o - 2 potions of lignification


   Skills:
 + Level 3.0 Fighting
 - Level 3.0 Long Blades
 - Level 2.1 Throwing
 - Level 3.0 Dodging
 + Level 1.3 Unarmed Combat


You had 2 spell levels left.
You didn't know any spells.
Your spell library was empty.

Dungeon Overview and Level Annotations

Branches:
Dungeon (3/15)

Altars:


Innate Abilities, Weirdness & Mutations

You have a pair of small antennae on your head.
You have large cloven feet.


Message History

Throw: 37 stones
Press: ? - help, Q - select action, (/) - cycle Shift-Dir - straight line, f/p - orc priest
Aim: an orc priest, wielding a +0 flail (lightly wounded, 57% to hit)
You throw a stone.
The stone barely misses the orc priest. x2
The orc priest looks encouraged for a moment.
An orc comes into view. It is wielding a +0 club.
Throw: 36 stones
Press: ? - help, Q - select action, (/) - cycle Shift-Dir - straight line, f/p - orc priest
Aim: an orc priest, wielding a +0 flail (lightly wounded, 57% to hit)
You throw a stone.
The stone closely misses the orc priest.
The orc shouts!
The stone hits the orc priest but does no damage.
Throw: 35 stones
Press: ? - help, Q - select action, (/) - cycle Shift-Dir - straight line, f/p - orc priest
Aim: an orc priest, wielding a +0 flail (lightly wounded, 57% to hit)
You throw a stone. The stone hits the orc priest.
The orc priest is moderately wounded.
Unknown command.
Throw: 34 stones
Press: ? - help, Q - select action, (/) - cycle Shift-Dir - straight line, f/p - orc priest
Aim: an orc priest, wielding a +0 flail (moderately wounded, 57% to hit)
You throw a stone. The stone hits the orc priest.
The orc priest is moderately wounded.
The orc priest looks encouraged for a moment.
You closely miss the orc priest.
The orc priest is moderately wounded.
An orc comes into view. It is wielding a +0 dagger.
The orc priest invokes the aid of Beogh against you.
Pain shoots through your body!
* * * LOW HITPOINT WARNING * * *
You are too injured to fight recklessly!
You are too injured to fight recklessly!
You are too injured to fight recklessly!
You closely miss the orc priest.
The orc priest is moderately wounded.
The orc shouts!
The orc priest invokes the aid of Beogh against you.
Beogh smites you!
You die...

#o# #o# #.# #o#
#.# #.# #o#
#######@######
#............#
#............#
#............#
#####............#
#................#
#................#
#................#
###
#................#


You could see 2 orc priests and 2 orcs.

Vanquished Creatures
  An adder (D:2)
  A worm (D:2)
  A dart slug (D:1)
  2 ball pythons (D:1)
  5 bats (D:1)
  5 endoplasms
  2 giant cockroaches (D:2)
  6 goblins
  2 hobgoblins
  4 quokkas
  3 frilled lizards (D:1)
  8 kobolds
  5 rats
45 creatures vanquished.

Notes
Turn   | Place    | Note
-------+----------+-------------------------------------------
     0 | D:1      | grandjackal the Demonspawn Gladiator began the quest for
                  | the Orb.
     0 | D:1      | Reached XP level 1. HP: 16/16 MP: 1/1
   139 | D:1      | Discovered your monstrous ancestry.
   139 | D:1      | Gained mutation: You have large cloven feet. [demonic
                  | ancestry]
   139 | D:1      | Reached XP level 2. HP: 15/22 MP: 2/2
   635 | D:1      | Gained mutation: You have a pair of small antennae on your
                  | head. [demonic ancestry]
   635 | D:1      | Reached XP level 3. HP: 28/28 MP: 3/3
   891 | D:2      | HP: 2/42 [poisoned by an adder]
  1000 | D:2      | Reached skill level 1 in Unarmed Combat
  1700 | D:3      | Killed from afar by an orc priest

Illustrated notes

Levels and vault maps discovered:
D:1:      dpeg_arrival_tiny_b, layout_loops_ring
D:2:      layout_loops_ring, nicolae_titane
D:3:      minmay_general_purpose_star, layout_basic, zin_statuary, led_sif_book

Skill      XL: |  1  2  3 |
---------------+----------+-----
Throwing       | 2 |  2.1
Long Blades    | 3 |  3.0
Dodging        | 3 |  3.0
Unarmed Combat | 1 |  1.3
Fighting       | 3 |  3.0

Action                     || total
---------------------------++-------
  Melee: Long sword        ||   159
         Punch             ||     2
  Throw: Stone             ||     6
    Use: Potion            ||     3
 Armour: Leather armour    ||    33
         Ring mail         ||    75
         Skin              ||     4
  Dodge: Dodged            ||   118

Table legend: (Time is in decaauts)
 A = Elapsed time spent in this place.
 B = Non-inter-level travel time spent in this place.
 C = Inter-level travel time spent in this place.
 D = Time resting spent in this place.
 E = Time spent auto-exploring this place.
 F = Levels seen in this place.
 G = Mean time per level.
                   A        B        C        D        E       F      G
               +--------+--------+--------+--------+--------+-----+--------+
         Total |   1738 |   1687 |     51 |     50 |   1235 |   3 |  579.3 |
       Dungeon |   1738 |   1687 |     51 |     50 |   1235 |   3 |  579.3 |
               +--------+--------+--------+--------+--------+-----+--------+

Top non-repeatable levels by time:
     D:1: 830 daAuts
     D:2: 804 daAuts
     D:3: 104 daAuts
